 Dungeon Crawl Stone Soup version 0.18.1-5-g4a78601 (webtiles) character file.

5978 oplop the Transmogrifier (level 10, -4/56 (57) HPs)
             Began as an Octopode Transmuter on May 10, 2016.
             Was a High Priest of Cheibriados.
             Slain by a hill giant
             ... wielding a +0 giant club
              (22 damage)
             ... on level 10 of the Dungeon.
             The game lasted 00:29:36 (8363 turns).

oplop the Transmogrifier (Octopode Transmuter)      Turns: 8363, Time: 00:29:37

HP:   -4/56 (57)    AC:  7    Str: 22    XL:     10   Next: 84%
MP:   32/35         EV: 28    Int: 37    God:    Cheibriados [*****.]
Gold: 244           SH:  0    Dex: 29    Spells: 7 memorised, 0 levels left

rFire  x . .     SeeInvis +       - Unarmed
rCold  . . .     Gourm    .     (shield currently unavailable)
rNeg   + . .     Faith    .     (helmet currently unavailable)
rPois  .         Spirit   .     s - amulet of Ybleghum {Inacc rElec MP+9 Int+6 SInv}
rElec  +         Dismiss  .     m - +5 ring of protection
rCorr  .         Reflect  .     A - ring of wizardry
SustAt +         Harm     .     k - ring "Uluuweef" {MP+9 Stlth+}
MR     ++...                    l - ring of Incredulity {rElec rPois rF- rN+ MR++}
Stlth  +++.......               H - ring of sustain attributes
                                (no ring)
                                (no ring)
                                (no ring)

@: spider-form, repel missiles, very slow, very resistant to hostile
enchantments, fairly stealthy
A: almost no armour, (amphibious), 8 rings, (constrict 8), (camouflage 0), (cold
resistance 0), frail 1, regeneration 1, (gelatinous body 0)
a: End Transformation, Bend Time, Temporal Distortion, Slouch, Step From Time,
Renounce Religion


You were on level 10 of the Dungeon.
You worshipped Cheibriados.
Cheibriados was extremely pleased with you.
You were not hungry.
You were a venomous arachnid creature.
You visited 1 branch of the dungeon, and saw 10 of its levels.

You collected 484 gold pieces.
You spent 240 gold pieces at shops.

Inventory:

Missiles
 a - 125 arrows
Armour
 g - a +0 hat (melded)
 I - a +0 buckler
Jewellery
 k - the ring "Uluuweef" (on tentacle) {MP+9 Stlth+}
   (You found it on level 7 of the Dungeon)

   [ring of stealth]

   It affects your magic capacity (+9).
   It makes you more stealthy.
 l - the ring of Incredulity (on tentacle) {rElec rPois rF- rN+ MR++}
   (You found it on level 6 of the Dungeon)

   [ring of positive energy]

   It makes you vulnerable to fire.
   It insulates you from electricity.
   It protects you from poison.
   It protects you from negative energy.
   It affects your resistance to hostile enchantments.
 m - a +5 ring of protection (left front leg)
 s - the amulet of Ybleghum (around neck) {Inacc rElec MP+9 Int+6 SInv}
   (You found it on level 6 of the Dungeon)

   [amulet of inaccuracy]

   It reduces the accuracy of all your attacks.
   It affects your intelligence (+6).
   It insulates you from electricity.
   It affects your magic capacity (+9).
   It lets you see invisible.
 A - a ring of wizardry (right front leg)
 F - the ring of Barhin {Ice Dex+7}
   (You found it on level 8 of the Dungeon)

   [ring of ice]

   It enhances your ice magic, and weakens your fire magic.
   It affects your dexterity (+7).
   It makes you vulnerable to fire.
   It protects you from cold.
 H - a ring of sustain attributes (on tentacle)
Wands
 t - a wand of flame (0/48)
 u - a wand of polymorph (13/24)
 x - a wand of iceblast (9/15)
 z - a wand of lightning (11/15)
 B - a wand of paralysis (10/24)
 C - a wand of heal wounds (6/9)
 D - a wand of acid (8/15)
 G - a wand of polymorph (9/24)
Scrolls
 i - 3 scrolls of remove curse
 n - 4 scrolls of magic mapping
 q - 2 scrolls of identify
 M - a scroll of enchant armour
Potions
 d - 2 potions of ambrosia
 e - 2 potions of resistance
 h - a potion of might
 j - a potion of cancellation
 o - 4 potions of curing {unknown}
 p - 2 potions of cure mutation
 r - 3 potions of degeneration {unknown}
 v - a potion of haste {unknown}
 w - 2 potions of agility
 E - a potion of brilliance {unknown}
Books
 b - a book of Changes

   Spells                             Type                      Level
   a - Beastly Appendage              Transmutation                1
   b - Sticks to Snakes               Transmutation                2
   c - Spider Form                    Transmutation/Poison         3
   d - Ice Form                       Ice/Transmutation            4
   e - Blade Hands                    Transmutation                5
 y - a book of Cantrips

   Spells                             Type                      Level
   a - Corona                         Hexes                        1
   b - Animate Skeleton               Necromancy                   1
   c - Summon Small Mammal            Summoning                    1
   d - Apportation                    Translocation                1
 J - a book of Callings

   Spells                             Type                      Level
   a - Summon Small Mammal            Summoning                    1
   b - Call Imp                       Summoning                    2
   c - Call Canine Familiar           Summoning                    3
   d - Summon Guardian Golem          Hexes/Summoning              3
   e - Summon Lightning Spire         Summoning/Air                4
   f - Summon Ice Beast               Ice/Summoning                4
 N - a book of Minor Magic

   Spells                             Type                      Level
   a - Magic Dart                     Conjuration                  1
   b - Blink                          Translocation                2
   c - Call Imp                       Summoning                    2
   d - Repel Missiles                 Charms/Air                   2
   e - Slow                           Hexes                        2
   f - Conjure Flame                  Conjuration/Fire             3
   g - Mephitic Cloud                 Conjuration/Poison/Air       3
Comestibles
 c - 5 bread rations
 f - 3 meat rations
 K - a fruit


   Skills:
 + Level 4.2 Fighting
 * Level 5.6 Dodging
 + Level 6.7 Unarmed Combat
 - Level 5.3 Spellcasting
 + Level 8.7 Transmutations
 - Level 4.2 Ice Magic
 * Level 7.9 Invocations


You couldn't memorise any spells.
You knew the following spells:

 Your Spells              Type           Power        Failure   Level  Hunger
a - Beastly Appendage     Trmt           ######       1%          1    None
b - Sticks to Snakes      Trmt           ######..     1%          2    None
c - Spider Form           Trmt/Pois      #####.....   3%          3    None
d - Ice Form              Ice/Trmt       ######..     4%          4    ##.....
e - Blade Hands           Trmt           ######....   4%          5    #####..
f - Repel Missiles        Chrm/Air       #.....       9%          2    None
g - Blink                 Tloc           N/A          9%          2    None


Dungeon Overview and Level Annotations

Branches:
Dungeon (10/15)            Temple (0/1) D:7
   Lair: D:8-11         Orc: D:9-12

Altars:
Cheibriados
Elyvilon
Kikubaaqudgha
Makhleb
Okawaru
Pakellas
Ru
Trog
Zin

Shops:
D:5 *   D:6 %   D:10 ?}:


Innate Abilities, Weirdness & Mutations

You cannot wear most types of armour.
((You are amphibious.))
You can wear up to eight rings at the same time.
((You can use your tentacles to constrict eight enemies at once.))
((Your skin changes colour to match your surroundings (Stealth).))
((Your rubbery body absorbs attacks (AC +1).))
((Your flesh is cold resistant.))
You are frail (-10% HP).
Your natural rate of healing is unusually fast.


Message History

You hit the hill giant.
The hill giant looks even sicker.
The hill giant is heavily wounded.
The hill giant hits you with a giant club!!
* * * LOW HITPOINT WARNING * * *
Your adder barely misses the hill giant.
Unknown command.
Evoke which item? (* to show all) (? for menu, Esc to quit)
You have no means to grasp a wand firmly enough.
Unknown command.
Your adder bites the hill giant.
Unknown command.
Okay, then.
Casting: Sticks to Snakes
Confirm with . or Enter, or press ? or * to list all spells.
You blink.
Your adder barely misses the hill giant.
You completely miss the hill giant.
The hill giant is severely wounded.
The hill giant hits you with a giant club!!
You die...

###############
..................
#............#####
#............# #
#....).......# #
#............# #
#............# #
#............# #
#s...........# #
#C..(........# #
.######S...........#####
.......S................
######.################
#.# #.# #.# #.#


You could see a hill giant, a friendly water moccasin and a friendly adder.

Vanquished Creatures
  Pikel (D:6)
  2 two-headed ogres
  A troll (D:10)
  Grinder (D:4)
  2 hungry ghosts
  Duvessa (D:6)
  2 water moccasins
  3 orc warriors
  2 ice beasts
  3 slaves
  A necrophage (D:9)
  9 ogres
  A phantom (D:9)
  A black bear (D:6)
  3 centaurs
  The ghost of oplop the Insei, an amateur OpTm (D:3)
  7 giant frogs
  Dowan (D:6)
  A scorpion (D:6)
  5 killer bees (D:8)
  5 howler monkeys
  A quasit (D:5)
  3 jellies
  2 giant frog zombies
  3 orc priests
  A giant frog skeleton (D:6)
  A hound (D:7)
  3 iguanas
  5 orc wizards
  4 worker ants
  A killer bee zombie (D:9)
  9 gnolls
  A howler monkey skeleton (D:5)
  14 adders
  3 shadow imps
  2 oozes
  2 adder skeletons
  3 worms
  A dart slug (D:3)
  5 giant geckos
  38 orcs
  6 giant cockroaches
  8 goblins
  6 hobgoblins
  8 jackals
  5 quokkas
  2 ball pythons
  7 bats
  A giant cockroach zombie (D:5)
  A giant gecko zombie (D:5)
  5 giant newts
  4 kobolds
  A quokka skeleton (D:9)
  6 rats
215 creatures vanquished.

Vanquished Creatures (collateral kills)
  A hill giant (D:9)
  A hippogriff (D:10)
  A sky beast (D:10)
  A giant frog (D:5)
  A gnoll sergeant (D:9)
  An orc priest (D:4)
  An adder (D:10)
  6 gnolls
  The ghost of M4edhros the Ruffian, a weakling VSTm (D:4)
  6 orcs
  A jackal (D:7)
21 creatures vanquished.

Grand Total: 236 creatures vanquished

Notes
Turn   | Place    | Note
--------------------------------------------------------------
     0 | D:1      | oplop the Octopode Transmuter began the quest for the Orb.
     0 | D:1      | Reached XP level 1. HP: 13/13 MP: 3/3
   300 | D:1      | Reached XP level 2. HP: 18/18 MP: 3/5
   304 | D:1      | Learned a level 2 spell: Sticks to Snakes
  1122 | D:2      | Reached XP level 3. HP: 23/23 MP: 0/6
  1219 | D:2      | Learned a level 3 spell: Spider Form
  1523 | D:3      | Reached XP level 4. HP: 22/28 MP: 5/7
  1580 | D:3      | Reached skill level 3 in Transmutations
  1692 | D:3      | Noticed oplop's ghost (amateur OpTm)
  2134 | D:3      | Reached XP level 5. HP: 27/34 MP: 1/8
  2258 | D:4      | Noticed Grinder
  2574 | D:3      | Found a snail-covered altar of Cheibriados.
  2639 | D:3      | Became a worshipper of Cheibriados the Contemplative
  2779 | D:3      | Killed oplop's ghost
  2779 | D:3      | Reached skill level 4 in Transmutations
  2779 | D:3      | Reached skill level 1 in Invocations
  2779 | D:3      | Reached XP level 6. HP: 34/39 MP: 1/10
  2787 | D:3      | Learned a level 4 spell: Ice Form
  2974 | D:4      | Noticed M4edhros's ghost (weakling VSTm)
  2985 | D:4      | Killed M4edhros's ghost
  3069 | D:4      | Reached * piety under Cheibriados
  3125 | D:4      | Found an oddly glowing altar of Pakellas.
  3156 | D:4      | Reached XP level 7. HP: 29/45 MP: 7/11
  3420 | D:4      | Reached skill level 1 in Ice Magic
  3424 | D:4      | Paralysed by Grinder for 6 turns
  3434 | D:4      | Killed Grinder
  3434 | D:4      | Reached ** piety under Cheibriados
  3864 | D:5      | Entered Level 5 of the Dungeon
  3898 | D:5      | Reached skill level 5 in Transmutations
  4082 | D:5      | Reached XP level 8. HP: 41/51 MP: 6/13
  4467 | D:5      | Found Tagokea's Assorted Antiques.
  4612 | D:5      | Reached *** piety under Cheibriados
  4617 | D:6      | Noticed Pikel
  4666 | D:5      | Reached skill level 5 in Unarmed Combat
  4806 | D:6      | Reached skill level 6 in Transmutations
  4880 | D:6      | Got a clouded jade ring
  4905 | D:6      | Got a pitted emerald amulet
  5078 | D:6      | Identified the ring of Incredulity {rElec rPois rF- rN+ MR++} (You found it on level 6 of the Dungeon)
  5079 | D:6      | Identified the amulet of Ybleghum {Inacc rElec MP+9 Int+6 SInv} (You found it on level 6 of the Dungeon)
  5188 | D:6      | Reached XP level 9. HP: 54/55 MP: 11/15
  5252 | D:6      | Killed Pikel
  5252 | D:6      | Reached skill level 7 in Transmutations
  5283 | D:6      | Reached skill level 5 in Spellcasting
  5524 | D:6      | Reached **** piety under Cheibriados
  5527 | D:6      | Found an iron altar of Okawaru.
  5528 | D:6      | Found a bloodstained altar of Trog.
  5548 | D:6      | Noticed Duvessa
  5558 | D:6      | Killed Duvessa
  5558 | D:6      | Reached skill level 5 in Invocations
  5560 | D:6      | Noticed Dowan
  5568 | D:6      | Killed Dowan
  5612 | D:6      | Found Itycicyt's Food Shoppe.
  5836 | D:6      | Found a sacrificial altar of Ru.
  5841 | D:6      | Found an oddly glowing altar of Pakellas.
  5842 | D:6      | Found a glowing silver altar of Zin.
  5843 | D:6      | Found a white marble altar of Elyvilon.
  5844 | D:6      | Found a burning altar of Makhleb.
  5943 | D:6      | Learned a level 5 spell: Blade Hands
  6145 | D:7      | Found an ancient bone altar of Kikubaaqudgha.
  6192 | D:7      | Found a staircase to the Ecumenical Temple.
  6274 | D:7      | Got a steaming tin ring
  6275 | D:7      | Identified the ring "Uluuweef" {MP+9 Stlth+} (You found it on level 7 of the Dungeon)
  6673 | D:8      | Reached XP level 10. HP: 48/62 MP: 12/17
  6914 | D:8      | Reached skill level 8 in Transmutations
  6937 | D:8      | Got a heavily runed iron ring
  7085 | D:8      | Identified the ring of Barhin {Ice Dex+7} (You found it on level 8 of the Dungeon)
  7774 | D:9      | Noticed a hill giant
  7907 | D:9      | Reached ***** piety under Cheibriados
  7914 | D:9      | Gained mutation: You are frail (-10% HP). [potion of mutation]
  7914 | D:9      | Gained mutation: Your natural rate of healing is unusually fast. [potion of mutation]
  7914 | D:9      | Gained mutation: Your flesh is cold resistant. [potion of mutation]
  8120 | D:9      | Killed a hill giant
  8120 | D:9      | Reached skill level 5 in Dodging
  8154 | D:10     | Entered Level 10 of the Dungeon
  8154 | D:10     | Found Vipsilyvo's Gadget Emporium.
  8243 | D:10     | Found Xuacabov's Book Emporium.
  8249 | D:10     | Bought a book of Minor Magic for 240 gold pieces
  8252 | D:10     | Learned a level 2 spell: Repel Missiles
  8255 | D:10     | Learned a level 2 spell: Blink
  8341 | D:10     | Found Maseajaet's Magic Scroll Shoppe.
  8343 | D:10     | Noticed a hill giant
  8363 | D:10     | Slain by a hill giant

Skill      XL: |  1  2  3  4  5  6  7  8  9 10 |
---------------+-------------------------------+-----
Transmutations | 3 4 5 6 7 8 |  8.7
Fighting       | 2 4 |  4.2
Invocations    | 1 2 3 6 7 |  7.9
Dodging        | 3 5 |  5.6
Unarmed Combat | 4 5 6 |  6.7
Spellcasting   | 3 4 5 |  5.3
Ice Magic      | 2 4 |  4.2

Action                   |  1- 3 |  4- 6 |  7- 9 | 10-12 || total
-------------------------+-------+-------+-------+-------++-------
Melee: Unarmed           |    62 |   188 |   297 |   138 ||   685
       Kick              |     8 |     5 |     4 |       ||    17
       Constrict         |    15 |    19 |    18 |     5 ||    57
       Punch             |     2 |     1 |     4 |       ||     7
       Tentacles         |    11 |    16 |    11 |     7 ||    45
 Cast: Beastly Appendage |    13 |     5 |     3 |       ||    21
       Sticks to Snakes  |     4 |     5 |    16 |     8 ||    33
       Spider Form       |     1 |    16 |    33 |    11 ||    61
       Ice Form          |       |       |     2 |     4 ||     6
       Blink             |       |       |       |     1 ||     1
       Repel Missiles    |       |       |       |     1 ||     1
Invok: Slouch            |       |       |     1 |     1 ||     2
 Abil: End Transformatio |       |       |     1 |       ||     1
Evoke: Wand              |       |       |     2 |       ||     2
  Use: Potion            |     4 |       |     2 |     1 ||     7
       Scroll            |       |       |     9 |     6 ||    15
 Stab: Sleeping          |     6 |     4 |     3 |     2 ||    15
       Distracted        |       |       |     4 |     3 ||     7
  Eat: Chunk             |     2 |     8 |     3 |     5 ||    18
       Royal jelly       |       |       |     1 |       ||     1
       Meat ration       |       |       |     1 |       ||     1
Armor: Skin              |     9 |    33 |    78 |    17 ||   137
Dodge: Dodged            |    34 |   153 |   286 |   153 ||   626
